 Dungeon Crawl Stone Soup version 0.31.0-11-ge490571c62 (webtiles) character file.

Game seed: 11824564202496573981

2259 Lolow the Caller (level 9, -7/57 (59) HPs)
             Began as a Merfolk Summoner on Feb 4, 2024.
             Was an Elder of Zin.
             Mangled by a hornet (12 damage)
             ... on level 6 of the Dungeon on Feb 5, 2024.
             The game lasted 01:02:53 (8643 turns).

Lolow the Caller (Merfolk Summoner)                 Turns: 8643, Time: 01:02:56

HP:   -7/57 (59)    AC:  5    Str: 15    XL:     9   Next: 38%
MP:   16/17         EV: 15    Int: 18    God:    Zin [****..]
Gold: 124           SH:  0    Dex: 19    Spells: 5/18 levels left

rFire   x . .        y - +1 falchion (heavy)
rCold   + . .        (no shield)
rNeg    . . .        n - +0 leather armour {rPois}
rPois   +            (no helmet)
rElec   .            (no cloak)
rCorr   .            m - +1 pair of gloves {Dex+3}
SInv    .            (no boots)
Will    .....        d - amulet of the acrobat
Stlth   +++          p - ring "Ocorel Ytapp" {Ice Dex+2}
HPRegen 0.29/turn    l - +6 ring of strength
MPRegen 0.15/turn

%: acrobat
@: lethally poisoned (-7 -> -11), slowed, lightly drained, very slow
A: (nimble swimmer 2), mertail
a: Renounce Religion, Recite, Vitalisation, Imprison, Donate Gold


You were on level 6 of the Dungeon.
You worshipped Zin.
Zin was greatly pleased with you.
You visited 1 branch of the dungeon, and saw 7 of its levels.
You also visited: Ossuary.

You collected 426 gold pieces.
You donated 302 gold pieces to Zin.

Inventory:

Hand Weapons
 c - a +1 dagger
 s - a +1 short sword of venom
 y - a +1 heavy falchion (weapon)
Missiles
 g - 78 stones
 o - 10 boomerangs
Armour
 m - a +1 pair of gloves of dexterity (worn)
 n - a +0 leather armour of poison resistance (worn)
Jewellery
 d - an amulet of the acrobat (around neck)
 k - a ring of protection from fire
 l - a +6 ring of strength (right hand)
 p - the ring "Ocorel Ytapp" (left hand) {Ice Dex+2}
   (You found it on level 3 of the Dungeon)

   [ring of ice]

   Ice:       It enhances your ice magic.
   Dex+2:     It affects your dexterity (+2).
   rF-:       It makes you vulnerable to fire.
   rC+:       It protects you from cold.
 u - a +5 ring of evasion
 x - a ring of protection from fire
Talismans
 f - a maw talisman
Wands
 v - a wand of polymorph (8)
Scrolls
 h - a scroll of teleportation
 w - a scroll of fog
 B - a scroll of vulnerability
 C - a scroll of amnesia {unknown}
 F - a scroll of noise {unknown}
 I - a scroll of revelation {unknown}
 L - a scroll of fear {unknown}
 M - a scroll of immolation
Potions
 b - 2 potions of brilliance {unknown}
 i - 4 potions of degeneration
 j - 2 potions of cancellation
 q - a potion of lignification {unknown}
 r - 3 potions of might
 t - a potion of curing {unknown}
 z - 3 potions of enlightenment
 A - a potion of ambrosia {unknown}
 D - a potion of magic
 E - a potion of mutation {unknown}
 G - a potion of haste {unknown}
 H - a potion of attraction {unknown}
 J - a potion of berserk rage {unknown}
 K - a potion of resistance {unknown}


   Skills:
 - Level 1.4 Fighting
 - Level 3.8(4.7) Short Blades
 + Level 4.1(4.8) Long Blades
 - Level 0.8 Throwing
 - Level 1.9 Armour
 + Level 5.6 Dodging
 - Level 5.5 Stealth
 + Level 5.4 Spellcasting
 + Level 7.1 Summonings
 + Level 3.0 Ice Magic
 + Level 0.4 Air Magic


You had 5 spell levels left.
You knew the following spells:

 Your Spells              Type           Power      Damage    Failure   Level
a - Summon Small Mammal   Summ           100%       N/A       1%          1
b - Call Canine Familiar  Summ           30%        N/A       2%          3
c - Call Imp              Summ           60%        N/A       1%          2
d - Summon Ice Beast      Ice/Summ       34%        N/A       6%          3
e - Summon Lightning Spi  Summ/Air       18%        N/A       32%         4

Your spell library contained the following spells:

 Spells                   Type           Power      Damage    Failure   Level
 Hailstorm                Conj/Ice       15%        3d6       26%         3
 Summon Blazeheart Golem  Fire/Summ      17%        N/A       34%         4
 Sigil of Binding         Hex            4%         N/A       43%         3
 Dimensional Bullseye     Hex/Tloc       2%         N/A       83%         4
 Sculpt Simulacrum        Ice/Alch       7%         N/A       100%        6


Dungeon Overview and Level Annotations

Branches:
Dungeon (7/15)             Temple (0/1) D:5         Ossuary (visited)

Altars:
Elyvilon
Hepliaklqana
Makhleb
Okawaru
Vehumet
Wu Jian
Zin
The Shining One

Annotations:
D:6 Eustachio, Jeremiah, Pikel


Innate Abilities, Weirdness & Mutations

((You are very nimble when in or above water. (Stealth+, EV+, Speed+++)))
Your lower body shifts to a powerful aquatic tail in water.


Message History

You feel sick. The hornet misses you.
The sentinel's mark upon you fades away.
You feel sick.
You feel sick. The hornet stings you.
You feel sick. The hornet attacks as it pursues you!
The hornet closely misses you.
You feel sick.
You are no longer poisoned.
The hornet stings you.
* * * LOW HITPOINT WARNING * * *
There is an open door here.
The hornet completely misses you.
There is a stone staircase leading up here.
The hornet stings you but does no damage.
You climb upwards.
Level annotation: Eustachio, Jeremiah, Pikel
There is a stone staircase leading down here.
You barely miss the hornet. The hornet stings you.
* * * LOW HITPOINT WARNING * * *
The hornet stings you but does no damage.
The hornet closely misses you.
You barely miss the hornet. The hornet barely misses you.
The hornet stings you.
* * * LOW HITPOINT WARNING * * *
You are poisoned.
You feel yourself slow down.
You slash the hornet!
The hornet is heavily wounded.
You feel yourself speed up.
* * * LOW HITPOINT WARNING * * *
You feel very sick. The hornet stings you.
* * * LOW HITPOINT WARNING * * *
You feel yourself slow down. The hornet stings you! Zin protects you from harm!
You feel as though you will be slow longer.
The hornet stings you.
* * * LOW HITPOINT WARNING * * *
The hornet stings you!
You die...

#..##.##.#.##.###
#........#.##.###
##########.##....
######## ##### #.######
.......# #...#######
###_###### .#####.#
###.........# #........#
.#####.#
#.......###.###.#.####.#
...F##.#
#......y..........).....
.##b##†#
#......@###.###.#.####.#
...Y...# ###...### #.#
#....###.# ###.####
#...#####.# #........#
#.# ##.)......#
##...##### #Y#
#.##.....# ##.## ##.##
#........# #.# #...###
####.....# #.# #.....#
##...## ##'## #...#.#
##.## ##...##


You could see a hornet.

Vanquished Creatures
  An orc warrior (D:6)
  A sky beast (D:6)
  2 ice beasts (D:6)
  An ogre (D:5)
  A centaur (D:6)
  2 scorpions
  A wight (D:7)
  A nameless horror (D:5)
  3 bombardier beetles
  2 centaur zombies (Ossuary)
  2 hounds (D:5)
  A jelly (D:4)
  A gnoll bouda (D:5)
  An orc priest (D:5)
  3 iguanas (D:5)
  2 sleepcaps (D:5)
  2 orc wizards
  2 ogre zombies (Ossuary)
  3 mummies (Ossuary)
  2 gnolls (D:5)
  2 adders
  3 adder zombies (Ossuary)
  A ribbon worm (D:4)
  6 orcs
  An endoplasm (D:2)
  2 giant cockroaches
  3 goblins
  3 hobgoblins
  A jackal (D:3)
  A quokka (D:3)
  5 ball pythons
  3 bats (D:1)
  6 goblin zombies
  2 hobgoblin zombies (Ossuary)
  5 kobolds
  3 kobold zombies (Ossuary)
  4 quokka zombies (Ossuary)
  5 rats
  8 rat zombies (Ossuary)
98 creatures vanquished.

Vanquished Creatures (collateral kills)
  Grinder (D:3)
  A kobold brigand (D:7)
  3 bullfrogs
  2 wights (D:7)
  An orc priest (D:7)
  A hound (D:6)
  A sleepcap (D:4)
  An orc wizard (D:6)
  An ogre zombie (Ossuary)
  4 mummies (Ossuary)
  3 adders
  3 gnolls (D:5)
  2 ribbon worms
  18 orcs
  2 endoplasms
  2 giant cockroaches
  2 hobgoblins
  10 jackals
  8 kobolds
  2 quokkas (D:1)
  6 ball pythons
  2 frilled lizards (D:3)
  6 goblins
  A kobold zombie (Ossuary)
  A rat (D:1)
84 creatures vanquished.

Grand Total: 182 creatures vanquished

Notes
Turn   | Place    | Note
-------+----------+-------------------------------------------
     0 | D:1      | Lolow the Merfolk Summoner began the quest for the Orb.
     0 | D:1      | Reached XP level 1. HP: 13/13 MP: 3/3
   188 | D:1      | Reached XP level 2. HP: 19/19 MP: 1/5
   794 | D:1      | Reached XP level 3. HP: 24/24 MP: 6/6
   802 | D:1      | Learned a level 3 spell: Call Canine Familiar
  1148 | D:1      | Found a faded altar of an unknown god.
  2414 | D:3      | Reached skill level 1 in Short Blades
  2414 | D:3      | Reached XP level 4. HP: 28/30 MP: 0/7
  2516 | D:3      | Identified the ring "Ocorel Ytapp" {Ice Dex+2}
  2856 | D:3      | Reached XP level 5. HP: 35/35 MP: 7/9
  3048 | D:3      | Found Wuyluhio's Magic Scroll Boutique.
  3180 | D:3      | Found a glowing silver altar of Zin.
  3215 | D:3      | Became a worshipper of Zin the Law-Giver
  3215 | D:3      | Reached * piety under Zin
  3216 | D:3      | Donated 95 gold pieces to Zin
  3413 | D:3      | Found a radiant altar of Vehumet.
  3475 | D:3      | Found a hazy altar of Hepliaklqana.
  3478 | D:3      | Found an ornate altar of the Wu Jian Council.
  3481 | D:3      | Found a white marble altar of Elyvilon.
  3481 | D:3      | Noticed Grinder
  3495 | D:3      | Paralysed by Grinder for 4 turns
  3496 | D:3      | Zin protects you from harm!
  3497 | D:3      | Killed Grinder
  3498 | D:3      | Reached skill level 1 in Armour
  3498 | D:3      | Reached skill level 5 in Summonings
  3498 | D:3      | Reached XP level 6. HP: 11/42 MP: 4/11
  3617 | D:3      | Donated 50 gold pieces to Zin
  4036 | D:4      | Learned a level 2 spell: Call Imp
  4260 | D:4      | Reached XP level 7. HP: 47/47 MP: 12/12
  4273 | D:4      | Reached skill level 1 in Fighting
  4654 | D:5      | Entered Level 5 of the Dungeon
  4753 | D:5      | Reached ** piety under Zin
  5117 | D:5      | Found a glowing golden altar of the Shining One.
  5118 | D:5      | Donated 43 gold pieces to Zin
  5229 | D:5      | Learned a level 3 spell: Summon Ice Beast
  5323 | D:5      | Reached skill level 6 in Summonings
  5418 | D:5      | Reached XP level 8. HP: 30/54 MP: 14/14
  5587 | D:5      | Found a burning altar of Makhleb.
  6089 | D:5      | Found a staircase to the Ecumenical Temple.
  6098 | D:5      | Reached skill level 1 in Long Blades
  6280 | D:6      | Found an iron altar of Okawaru.
  6720 | D:6      | Reached skill level 1 in Ice Magic
  6874 | D:6      | Noticed Jeremiah
  6966 | D:6      | Noticed Pikel
  7248 | D:6      | Reached skill level 5 in Spellcasting
  7470 | D:6      | Reached skill level 5 in Stealth
  7633 | D:6      | Reached skill level 5 in Dodging
  7633 | D:6      | Reached XP level 9. HP: 53/59 MP: 12/16
  7728 | D:7      | Found a sand-covered staircase.
  7736 | Ossuary  | Entered an ossuary
  7751 | Ossuary  | Reached *** piety under Zin
  7752 | Ossuary  | Donated 72 gold pieces to Zin
  8084 | Ossuary  | Reached skill level 7 in Summonings
  8259 | Ossuary  | Reached **** piety under Zin
  8511 | D:7      | Learned a level 4 spell: Summon Lightning Spire
  8572 | D:7      | Noticed a hornet
  8576 | D:6      | Noticed Eustachio
  8643 | D:6      | Zin protects you from harm!
  8643 | D:6      | Mangled by a hornet

Illustrated notes

Levels and vault maps discovered:
D:1:      sevenhm_arrival_forest_fort_large_4, layout_basic,
          hellmonk_ecumenical_altar_leap_of_faith, serial_co_window_serial,
          co_window_paths_a, co_window_cross_1, co_window_corner_a,
          co_window_paths_a, co_window_paths_a, co_window_paths_b,
          co_window_corner_a, co_window_paths_b, co_window_cross_1,
          co_window_2corner, co_window_paths_c, co_window_unsneaky_path_a,
          co_window_4corner_a, glass_columns_c
D:2:      layout_loops_ring
D:3:      layout_loops_ring, nicolae_overflow_hidden_temple,
          grunt_temple_overflow_cloverleaf, serial_shops,
          nicolae_shop_rolling_square, uniq_grinder
D:4:      layout_loops_ring
D:5:      layout_basic, mainiacjoe_overflow_alcove_2, kennysheep_mini_moat,
          temple_hall
D:6:      layout_loops_corners, overflow_temple_1_default, uniq_jeremiah,
          uniq_pikel, uniq_eustachio
D:7:      layout_basic, enter_ossuary_4, enter_bailey_3

Skill      XL: |  1  2  3  4  5  6  7  8  9 |
---------------+----------------------------+-----
Dodging        | 3 5 |  5.6
Short Blades   | 1 2 3 |  3.8
Stealth        | 3 4 5 |  5.5
Spellcasting   | 3 4 5 |  5.4
Armour         | 1 |  1.9
Summonings     | 5 6 7 |  7.1
Fighting       | 1 |  1.4
Long Blades    | 3 4 |  4.1
Ice Magic      | 2 3 |  3.0
Throwing       | |  0.8
Air Magic      | |  0.4

Action                     |  1- 3 |  4- 6 |  7- 9 || total
---------------------------+-------+-------+-------++-------
  Melee: Dagger            |    88 |    79 |       ||   167
         Punch             |       |     4 |     6 ||    10
         Short sword       |       |    12 |    56 ||    68
         Falchion          |       |       |   181 ||   181
  Throw: Boomerang         |       |       |     5 ||     5
         Throwing net      |       |       |     1 ||     1
   Cast: Summon Small Mamm |    24 |       |     8 ||    32
         Call Canine Famil |    11 |    19 |    15 ||    45
         Summon Ice Beast  |       |       |    28 ||    28
         Summon Lightning  |       |       |     1 ||     1
 Invoke: Donate Gold       |       |     2 |     2 ||     4
    Use: Scroll            |       |     7 |     8 ||    15
         Potion            |       |       |     4 ||     4
   Stab: Sleeping          |    11 |     5 |    15 ||    31
         Distracted        |       |     1 |     4 ||     5
 Armour: Robe              |    38 |       |       ||    38
         Leather armour    |    12 |    38 |   149 ||   199
  Dodge: Dodged            |    81 |    50 |   221 ||   352
